 Dungeon Crawl Stone Soup version 0.28-a0-500-g121bc3e445 (webtiles) character file.

Game seed: 17312341127200826772

60 Rennog the Ruffian (level 4, 0/40 HPs)
             Began as a Ghoul Monk on Sept 20, 2021.
             Slain by a bat (1 damage)
             ... on level 3 of the Dungeon.
             The game lasted 00:03:20 (1547 turns).

Rennog the Ruffian (Ghoul Monk)                     Turns: 1547, Time: 00:03:20

Health: 0/40       AC:  2    Str: 13 (15) XL:     4   Next: 4%
Magic:  3/3        EV: 12    Int:  4 (5)  God:
Gold:   790        SH:  0    Dex: 11      Spells: 3/3 levels left

rFire   . . .      SeeInvis .     - Unarmed
rCold   + . .      Faith    .   (no shield)
rNeg    + + +      Spirit   .   a - +0 robe
rPois   ∞          Reflect  .   (no helmet)
rElec   .          Harm     .   (no cloak)
rCorr   .          Rampage  .   (no gloves)
Will    .....                   (no boots)
Stlth   ++........              (no amulet)
HPRegen 0.00/turn               (no ring)
MPRegen 0.08/turn               (no ring)

@: inhibited regen, slowed, very slow
A: claws 1, cold resistance 1, negative energy resistance 3, inhibited
regeneration, torment resistance 2
a: no special abilities


You were on level 3 of the Dungeon.
You visited 1 branch of the dungeon, and saw 3 of its levels.

You collected 790 gold pieces.

Inventory:

Armour
 a - a +0 robe (worn)


   Skills:
 + Level 3.8 Fighting
 + Level 3.1 Dodging
 - Level 2.1 Stealth
 * Level 4.4 Unarmed Combat


You had 3 spell levels left.
You didn't know any spells.
Your spell library was empty.

Dungeon Overview and Level Annotations

Branches:
Dungeon (3/15)

Altars:
Yredelemnul


Innate Abilities, Weirdness & Mutations

You thrive by killing the living.
You are immune to poison.
You have sharp fingernails.
Your flesh is cold resistant. (rC+)
You are immune to negative energy. (rN+++)
You do not regenerate when monsters are visible.
You are immune to unholy pain and torment.


Message History

You feel as though you will be slow longer.
The wraith closely misses you.
There is a stone staircase leading down here.
The wraith barely misses you.
You climb downwards.
Found a leather armour, a bubbling ruby potion and 11 gold pieces.
There is a stone staircase leading up here.
The bat barely misses you. The wraith hits you.
* * * LOW HITPOINT WARNING * * *
The wraith drains your vigour!
You feel as though you will be slow longer.
The bat closely misses you. x2
You see here a bubbling ruby potion.
b - a bubbling ruby potion The bat barely misses you.
The wraith barely misses you. The wraith closely misses you.
It was a potion of curing.
You feel better. The bat barely misses you. The wraith hits you!
* * * LOW HITPOINT WARNING * * *
The wraith drains your vigour!
You feel as though you will be slow longer.
The bat hits you.
* * * LOW HITPOINT WARNING * * *
The wraith hits you.
* * * LOW HITPOINT WARNING * * *
The bat hits you but does no damage. The bat hits you but does no damage.
The bat hits you.
* * * LOW HITPOINT WARNING * * *
The wraith closely misses you. The bat hits you but does no damage.
The bat barely misses you.
Press: ? - help, v - describe, . - travel A rock wall.
You scratch the wraith but do no damage.
The bat hits you.
* * * LOW HITPOINT WARNING * * *
The wraith closely misses you.
You scratch the wraith but do no damage.
The bat hits you.
You die...

..# ..# #####..
###.....#.#
.......#.# .
.....#.# ...
#..##.#
.....###b..#.#
#...@W#...#####
#..####.......#
## #.......#
#.......#
#.......#
#[...<..#
#.......#
#.......#
#$......#


You could see a wraith and a bat.

Vanquished Creatures
  A centaur zombie (D:2)
  A gnoll (D:1)
  A howler monkey skeleton (D:1)
  An adder (D:2)
  3 dart slugs
  A bat (D:2)
  4 endoplasms
  A giant cockroach (D:1)
  4 goblins
  5 hobgoblins
  2 kobolds
  3 quokkas
  2 ball pythons (D:1)
  2 frilled lizards (D:2)
  3 rats
34 creatures vanquished.

Notes
Turn   | Place    | Note
-------+----------+-------------------------------------------
     0 | D:1      | Rennog the Ghoul Monk began the quest for the Orb.
     0 | D:1      | Reached XP level 1. HP: 19/19 MP: 0/0
   106 | D:1      | Reached XP level 2. HP: 17/26 MP: 1/1
   422 | D:1      | Found a faded altar of an unknown god.
   430 | D:1      | Became a worshipper of Yredelemnul the Dark
   430 | D:1      | Reached * piety under Yredelemnul
   430 | D:1      | Reached ** piety under Yredelemnul
   432 | D:1      | Fell from the grace of Yredelemnul
   483 | D:1      | Reached skill level 4 in Unarmed Combat
   483 | D:1      | Reached XP level 3. HP: 18/33 MP: 2/2
   739 | D:1      | Noticed a flying skull
   739 | D:1      | Noticed a flying skull
  1421 | D:2      | Reached XP level 4. HP: 40/40 MP: 3/3
  1522 | D:2      | Noticed a wraith
  1528 | D:2      | Identified a scroll of acquirement
  1528 | D:2      | Acquired 768 gold pieces
  1542 | D:3      | HP: 2/40 [bat (1)]
  1547 | D:3      | Slain by a bat

Illustrated notes

Levels and vault maps discovered:
D:1:      minmay_arrival_wavy_path, layout_basic,
          hellmonk_ecumenical_altar_slurped_away
D:2:      layout_basic
D:3:      layout_rooms

Skill      XL: |  1  2 |
---------------+-------+-----
Dodging        | 3 |  3.1
Unarmed Combat | 4 |  4.4
Fighting       | |  3.8
Stealth        | |  2.1

Action                   |  1- 3 |  4- 6 || total
-------------------------+-------+-------++-------
Melee: Unarmed           |    98 |    14 ||   112
       Punch             |     2 |       ||     2
Invok: Renounce Religion |     1 |       ||     1
  Use: Scroll            |     1 |     1 ||     2
       Potion            |       |     2 ||     2
 Stab: Sleeping          |     3 |       ||     3
Armor: Robe              |    11 |     7 ||    18
Dodge: Dodged            |    64 |    23 ||    87

Table legend: (Time is in decaauts)
 A = Elapsed time spent in this place.
 B = Non-inter-level travel time spent in this place.
 C = Inter-level travel time spent in this place.
 D = Time resting spent in this place.
 E = Time spent auto-exploring this place.
 F = Levels seen in this place.
 G = Mean time per level.
                   A        B        C        D        E       F      G
               +--------+--------+--------+--------+--------+-----+--------+
         Total |   1546 |   1543 |      3 |      0 |   1250 |   3 |  515.3 |
       Dungeon |   1546 |   1543 |      3 |      0 |   1250 |   3 |  515.3 |
               +--------+--------+--------+--------+--------+-----+--------+

Top non-repeatable levels by time:
     D:2: 779 daAuts
     D:1: 749 daAuts
     D:3: 17 daAuts
